 Dungeon Crawl Stone Soup version 0.29.1-15-g9cfb28693d (webtiles) character file.

Game seed: 13577329983451036725

73 Hugehornet the Chopper (level 3, -1/30 HPs)
             Began as a Demigod Fighter on Apr 2, 2023.
             Killed from afar by Natasha (9 damage)
             ... with a puff of flame
             ... on level 2 of the Dungeon.
             The game lasted 00:02:22 (1179 turns).

Hugehornet the Chopper (Demigod Fighter)            Turns: 1179, Time: 00:02:22

Health: -1/30      AC:  6    Str: 17    XL:     3   Next: 83%
Magic:  5/5        EV:  8    Int: 14    God:
Gold:   55         SH:  4    Dex: 13    Spells: 2/2 levels left

rFire   . . .      SeeInvis .   a - +0 war axe
rCold   . . .      Faith    .   c - +0 buckler
rNeg    . . .      Spirit   .   b - +0 scale mail
rPois   .          Reflect  .   (no helmet)
rElec   .          Harm     .   (no cloak)
rCorr   .          Rampage  .   (no gloves)
Will    .....                   (no boots)
Stlth   ..........              (no amulet)
HPRegen 0.10/turn               (no ring)
MPRegen 0.09/turn               (no ring)

@: no status effects
A: high MP 1, forlorn, divine attributes
a: no special abilities


You were on level 2 of the Dungeon.
You visited 1 branch of the dungeon, and saw 2 of its levels.

You collected 55 gold pieces.

Inventory:

Hand Weapons
 a - a +0 war axe (weapon)
Armour
 b - a +0 scale mail (worn)
 c - a +0 buckler (worn)
Scrolls
 f - 3 scrolls of identify {unknown}
 g - a scroll of brand weapon {unknown}
 h - a scroll of teleportation {unknown}
Potions
 d - a potion of might
 e - a potion of heal wounds {unknown}
 i - a potion of lignification {unknown}


   Skills:
 - Level 2.6 Fighting
 + Level 4.0 Axes
 - Level 2.6 Armour
 - Level 2.6 Shields


You had 2 spell levels left.
You didn't know any spells.
Your spell library was empty.

Dungeon Overview and Level Annotations

Branches:
Dungeon (2/15)

Annotations:
D:2 Natasha


Innate Abilities, Weirdness & Mutations

You have an increased reservoir of magic. (+10% MP)
You shall have no god before yourself.
Your divine heritage dramatically boosts your attributes as you level up.


Message History

The crimson imp disappears in a puff of smoke!
You block Natasha's attack.
The crimson imp laughs crazily.
You hit Natasha but do no damage.
Natasha is heavily wounded.
Natasha completely misses you. You block Natasha's attack.
You closely miss Natasha.
Natasha is heavily wounded.
The crimson imp blinks!
Natasha claws you.
You barely miss Natasha.
Natasha is heavily wounded.
Natasha claws you!
* * * LOW HITPOINT WARNING * * *
The crimson imp laughs crazily.
Natasha claws you but does no damage.
You slash Natasha!
You kill Natasha!
Natasha yowls pathetically as she dies!
The crimson imp disappears in a puff of smoke!
Your Axes skill increases to level 4!
Items here: )) †††.
Items here: )) †††.
Okay, then.
You start resting.
Natasha, Servant of Life and Death comes into view.
She is carrying a wand of flame (14).
Natasha hisses angrily.
Natasha stares at you and mumbles some strange words.
The magic dart hits you!
* * * LOW HITPOINT WARNING * * *
Found an emerald potion.
Found 5 gold pieces.
Found a stone staircase leading down.
You are too injured to fight recklessly!
You are too injured to fight recklessly!
Natasha howls an incantation.
Natasha shimmers violently.
You block Natasha's attack.
You hit Natasha.
Natasha is lightly wounded.
Natasha zaps a wand.
The puff of flame hits you!
You die...

##..#
######.#####.......#
...#
###......##....#######
<.#####.h.#######.####
§.#.)...### #.#
....##### ##h# ..###
##..# . ..# #..## .!.
### #######h####.....
........@........
#######.####..... ####
##.# ..>
.....######[.# $
#........##
#######....##
#.......##.#
##.########.# #..# #..


You could see Natasha.

Vanquished Creatures
  Natasha (D:2)
  2 adders (D:2)
  A ball python (D:1)
  4 bats (D:1)
  3 endoplasms (D:1)
  3 goblins
  2 hobgoblins (D:1)
  2 kobolds (D:1)
  3 quokkas (D:1)
  A frilled lizard (D:1)
  8 rats
30 creatures vanquished.

Notes
Turn   | Place    | Note
-------+----------+-------------------------------------------
     0 | D:1      | Hugehornet the Demigod Fighter began the quest for the Orb.
     0 | D:1      | Reached XP level 1. HP: 18/18 MP: 3/3
    29 | D:1      | Reached skill level 2 in Axes
   311 | D:1      | Reached XP level 2. HP: 25/25 MP: 4/4
   621 | D:1      | Reached skill level 3 in Axes
   917 | D:2      | Reached XP level 3. HP: 27/30 MP: 5/5
  1075 | D:2      | Noticed Natasha
  1095 | D:2      | Killed Natasha
  1096 | D:2      | Reached skill level 4 in Axes
  1151 | D:2      | Noticed Natasha
  1179 | D:2      | Killed from afar by Natasha

Illustrated notes

Levels and vault maps discovered:
D:1:      psy_arrival_fountain, layout_rooms,
          shapermc_ecumenical_altar_mp_highgroup, hangedman_decor_slide_cut
D:2:      layout_rooms, uniq_natasha

Skill      XL: |  1  2  3 |
---------------+----------+-----
Axes           | 2 3 4 |  4.0
Fighting       | |  2.6
Armour         | |  2.6
Shields        | |  2.6

Action                   || total
-------------------------++-------
Melee: War axe           ||    75
Armor: Scale mail        ||    37
Dodge: Dodged            ||    32
Block: Buckler           ||    18
